Map: 2000 Atmospheres LE

Players

A.I. 1 (Very Easy) - Winner!

  • Race: Protoss Protoss

trigger

  • Race: Protoss Protoss
  • League: Grandmaster

VOD

Have the link to the VOD?

Description

Time

  • Played on: March 10, 2022, 2:45 p.m.
  • Length: 4:35
Show
View Real Time Build Order
Export as new Build Order

A.I. 1 (Very Easy) Protoss - Winner!

Build Orders:  

Get SALT Encoding   

  12  0:00  Probe  
  13  0:13  Probe  
  14  0:19  Pylon  
  14  0:36  Assimilator  
  14  0:42  Gateway  
  14  0:45  Pylon  
  14  1:14  Assimilator  
  14  1:17  Probe  
  14  1:25  Probe  
  16  1:33  Probe  
  16  1:34  Cybernetics Core  
  17  1:43  Probe  
  18  1:55  Probe  
  18  2:00  Warp Gate  
  19  2:03  Probe  
  20  2:10  Stalker  
  22  3:59  Probe  
Show
View Real Time Build Order
Export as new Build Order

trigger Protoss 

Build Orders:  

Get SALT Encoding   

  12  0:00  Probe  
  13  0:12  Probe  
  14  0:17  Pylon  
  14  0:24  Probe (Chrono Boost)  
  15  0:36  Probe (Chrono Boost)  
  15  0:37  Gateway  
  16  0:44  Probe (Chrono Boost)  
  16  0:46  Assimilator  
  17  0:51  Probe  
  17  0:55  Assimilator  
  18  1:03  Probe (Chrono Boost)  
  19  1:07  Gateway  
  19  1:13  Probe (Chrono Boost)  
  19  1:18  Probe (Chrono Boost)  
  20  1:23  Cybernetics Core  
  21  1:29  Probe  
  22  1:34  Pylon  
  22  1:41  Probe  
  23  1:53  Probe  
  24  1:57  Warp Gate (Chrono Boost)  
  24  1:59  Stalker x2  
  28  2:07  Probe  
  29  2:11  Pylon  
  29  2:18  Robotics Facility  
  29  2:27  Gateway  
  29  2:35  Stalker  
  31  2:42  Stalker  
  33  3:04  Stalker, Warp Prism (Chrono Boost)  
  37  3:12  Stalker  
  39  3:20  Pylon  
  39  3:40  Stalker  
  41  3:43  Stalker  
  43  3:50  Stalker  
  45  3:55  Pylon  
  45  4:07  Stalker  
  47  4:13  Stalker  
  47  4:14  Stalker  
Tags
 
Add a new tag
Caveats
  • Supply blocks, unpowered buildings, or Contaminate may cause inaccurate times.
  • Supply counts are checked every 10 seconds.